 Dungeon Crawl Stone Soup version 0.27.0-1-g7a089689b8 (webtiles) character file.

Game seed: 1317633140792766283

46 SnakkuSnakku7 the Skirmisher (level 3, 0/29 HPs)
             Began as a Merfolk Air Elementalist on Aug 14, 2021.
             Slain by a worm (8 damage)
             ... on level 2 of the Dungeon.
             The game lasted 00:01:53 (1001 turns).

SnakkuSnakku7 the Skirmisher (MfAE)                 Turns: 1001, Time: 00:01:56

Health: 0/29       AC:  4    Str:  9    XL:     3   Next: 66%
Magic:  6/6        EV: 12    Int: 14    God:
Gold:   62         SH:  0    Dex: 14    Spells: 5/6 levels left

rFire    . . .     SeeInvis .   (no weapon)
rCold    . . .     Faith    .   (no shield)
rNeg     . . .     Spirit   .   a - +0 robe
rPois    .         Reflect  .   (no helmet)
rElec    .         Harm     .   (no cloak)
rCorr    .         Rampage  +   (no gloves)
Will     .....                  d - +1 pair of boots {rampage}
Stlth    ++........             b - amulet of the acrobat
HPRegen  0.09/turn              (no ring)
MPRegen  0.10/turn              (no ring)

@: no status effects
A: (nimble swimmer 2), mertail
a: no special abilities


You were on level 2 of the Dungeon.
You visited 1 branch of the dungeon, and saw 2 of its levels.

You collected 62 gold pieces.

Inventory:

Hand Weapons
 e - a +1 short sword
Armour
 a - a +0 robe (worn)
 d - a +1 pair of boots of rampaging (worn)
Jewellery
 b - an amulet of the acrobat (around neck)
 i - a ring of ice
Potions
 c - a potion of brilliance {unknown}
 g - a potion of haste {unknown}


   Skills:
 + Level 3.5 Fighting
 - Level 2.6 Dodging
 - Level 2.1 Stealth
 - Level 2.0 Spellcasting
 - Level 0.7 Conjurations
 - Level 2.4 Air Magic


You had 5 spell levels left.
You knew the following spells:

 Your Spells              Type           Power      Damage    Failure   Level
a - Shock                 Conj/Air       20%        1d4       13%         1

Your spell library contained the following spells:

 Spells                   Type           Power      Damage    Failure   Level
 Static Discharge         Conj/Air       5%         N/A       19%         2
 Swiftness                Air            8%         N/A       26%         3
 Airstrike                Air            4%         N/A       65%         4


Dungeon Overview and Level Annotations

Branches:
Dungeon (1/15)

Altars:


Innate Abilities, Weirdness & Mutations

((You are quick and stealthy near water. (Stealth+, EV+, Speed+++)))
Your lower body shifts to a powerful aquatic tail in water.


Message History

Increase (S)trength, (I)ntelligence, or (D)exterity?
You feel stronger.
Unknown command.
You barely miss the kobold. The bat hits you but does no damage.
The kobold hits you but does no damage.
You smack the kobold!
You kill the kobold!
The bat hits you but does no damage.
You cannot move.
You hit the bat.
The bat is severely wounded.
The bat hits you but does no damage.
You cannot move.
You start resting.
A bat is nearby!
A bat is nearby!
The bat hits you but does no damage. x2
You cannot move.
You hit the bat but do no damage.
The bat is moderately wounded.
The bat hits you but does no damage.
You hit the bat.
You kill the bat!
You cannot move.
Unknown command.
You start resting.
Your transformation is almost over.
You start resting.
A worm comes into view.
A worm is nearby!
You hit the worm.
The worm is moderately wounded.
You hit the worm.
The worm is heavily wounded.
You feel less wooden.
Your +1 pair of boots of rampaging unmelds from your body.
Your +0 robe unmelds from your body.
You feel ready to rampage towards enemies.
The worm bites you!
You die...

... ..># #.###.. .#.
### #...... ...#..
....#.## ......
#....... .#.##.#
#.#....####.......
#..............#
#.....†@†#.##..#
#.....w#.#b##..#
#......#.#.##..#
##.......#.....######
#####
###....#####.##....#
.g....
..............##.##.#
......
######........##.##.#
......
#........'..##.#
......####
#........#####.#


You could see a worm.

Vanquished Creatures
  A hound (D:2)
  A ball python (D:1)
  2 endoplasms (D:1)
  A giant cockroach (D:1)
  A hobgoblin (D:1)
  5 kobolds
  A bat (D:2)
  A rat (D:1)
13 creatures vanquished.

Notes
Turn   | Place    | Note
-------+----------+-------------------------------------------
     0 | D:1      | SnakkuSnakku7 the Merfolk Air Elementalist began the quest
                  | for the Orb.
     0 | D:1      | Reached XP level 1. HP: 13/13 MP: 3/3
   381 | D:1      | Reached skill level 1 in Fighting
   592 | D:1      | Reached XP level 2. HP: 16/22 MP: 5/5
   668 | D:1      | Reached skill level 2 in Fighting
   890 | D:1      | You fall into a shaft and drop 1 floor!
   974 | D:2      | Reached skill level 3 in Fighting
   974 | D:2      | Reached XP level 3. HP: 9/29 MP: 6/6
  1001 | D:2      | Slain by a worm

Illustrated notes

Levels and vault maps discovered:
D:1:      nicolae_arrival_washed_ashore, layout_loops_ring, minmay_domino_4
D:2:      layout_basic

Skill      XL: |  1  2 |
---------------+-------+-----
Fighting       | 1 3 |  3.5
Dodging        | |  2.6
Stealth        | |  2.1
Spellcasting   | |  2.0
Conjurations   | |  0.7
Air Magic      | |  2.4

Action                   || total
-------------------------++-------
Melee: Short sword       ||    40
       Unarmed           ||    29
 Cast: Shock             ||     4
  Use: Scroll            ||     1
       Potion            ||     1
 Stab: Sleeping          ||     2
Armor: Robe              ||    12
       Skin              ||    29
Dodge: Dodged            ||    90
